Cogmind - Beta 13 @@@ ROGUE MODE // 2024.05.22 @ 12:08:03 Player: Lunace Result: Self-destructed Performance ------------- Evolutions (0) 0 Regions Visited (4) 800 Robots Destroyed (13) 65 Value Destroyed (213) 213 Prototype IDs (2) 40 Alien Tech Used (0) 0 Bonus (-25) -25 TOTAL SCORE: 1093 Bonus ------- Friendly Fire -25 Cogmind --------- Core Integrity 135/250 Matter 245/300 Energy 85/100 System Corruption 0% Temperature Cool (0) Movement Treading (160) Location -9/Mines Parts ------- > --- POWER (1) -------- (None) > --- PROPULSION (2) --- Light Treads Light Treads > --- UTILITY (2) ------ Large Storage Unit Light Armor Plating > --- WEAPON (2) ------- (None) > --- INVENTORY (15) --- Heat Sink Heat Sink Huge Storage Unit Signal Interpreter Beam Cannon Assault Rifle Light Assault Rifle Peak State ------------ > --- POWER ------------ Ion Engine > --- PROPULSION ------- Light Treads Light Treads > --- UTILITY ---------- Small Storage Unit Improved Terrain Scanner > --- WEAPON ----------- Assault Rifle Light Assault Rifle > --- INVENTORY -------- Light Ion Engine EM Pulse Gun [Rating: 9] Favorites ----------- Power Ion Engine Engine Ion Engine Propulsion Light Treads Treads Light Treads Utility Seismic Detector Device Seismic Detector Storage Medium Storage Unit Protection Light Armor Plating Weapon Assault Rifle Energy Cannon Beam Cannon Ballistic Gun Assault Rifle Launcher Grenade Launcher Build | -11 -10 -10 -10 -9 ------- Run | Yrd Mat Min Exi Min Slots Evolved . | . . . . . Power . | . . . . . Propulsion . | . . . . . Utility . | . . . . . Weapon . | . . . . . Parts Attached 15 | 8 2 . 1 4 Power 1 | 1 . . . . Engine 1 | 1 . . . . Core . | . . . . . Reactor . | . . . . . Propulsion 2 | 2 . . . . Treads 2 | 2 . . . . Leg . | . . . . . Wheel . | . . . . . Hover . | . . . . . Flight . | . . . . . Utility 6 | 3 1 . 1 1 Device 2 | 2 . . . . Storage 3 | 1 1 . 1 . Processor . | . . . . . Hackware . | . . . . . Protection 1 | . . . . 1 Artifact . | . . . . . Weapon 6 | 2 1 . . 3 Energy Gun . | . . . . . Energy Cannon 1 | . . . . 1 Ballistic Gun 2 | 2 . . . . Ballistic Cannon . | . . . . . Launcher 3 | . 1 . . 2 Special Weapon . | . . . . . Impact Weapon . | . . . . . Slashing Weapon . | . . . . . Piercing Weapon . | . . . . . Special Melee Weapon . | . . . . . Unidentified Prototypes . | . . . . . Parts Lost 4 | . . . . 4 Power 1 | . . . . 1 Propulsion . | . . . . . Utility 1 | . . . . 1 Weapon 2 | . . . . 2 Highest Loss Streak 3 | . . . . 3 To Critical Strikes . | . . . . . Average Slot Usage (%) 98 | . 100 100 100 83 Engine 14 | . 14 14 14 14 Treads 28 | . 28 28 28 28 Device 13 | . 14 14 14 . Storage 14 | . 14 14 14 14 Ballistic Gun 17 | . 20 14 14 12 Launcher 9 | . 7 14 14 1 Naked Turns . | . . . . . Heaviest Build 31 | 14 21 21 31 30 Greatest Support 40 | 40 40 40 40 40 Greatest Overweight (x) . | . . . . . Average Overweight (x) . | . . . . . Largest Inventory Capacity 15 | 8 10 10 15 15 Average Capacity 10 | 7 9 10 12 15 Most Carried 9 | 2 8 8 9 8 Average Carried 6 | 1 5 8 8 7 Final Capacity 15 | 8 10 10 15 15 Final Carried 8 | 2 8 8 8 7 Class Distribution -------------------- 100% | Mutant Dominant Class ---------------- Mutant | -10/Materials Mutant | -10/Mines Mutant | -10/Exiles Mutant | -9/Mines Resources | -11 -10 -10 -10 -9 ----------- Run | Yrd Mat Min Exi Min Matter Collected 452 | 316 41 . 55 40 Remotely . | . . . . . Salvage Created 267 | 129 81 . . 57 Parts 26 | 8 14 . . 4 Haulers Intercepted . | . . . . . Recyclers Shooed 1 | 1 . . . . Parts Field Recycled . | . . . . . Retrieved Matter . | . . . . . Parts Self-Destructed . | . . . . . Prevented . | . . . . . Kills | -11 -10 -10 -10 -9 ------- Run | Yrd Mat Min Exi Min Combat Hostiles Destroyed 13 | . 6 . . 7 Cannons 1 | . . . . 1 AOE 12 | . 6 . . 6 Classes Destroyed 7 | 2 2 . . 3 Tunneler 2 | 2 . . . . Recycler 1 | 1 . . . . Watcher 2 | . 2 . . . Swarmer 6 | . 6 . . . Grunt 1 | . . . . 1 Duelist 1 | . . . . 1 Assembled 5 | . . . . 5 Best Kill Streak 5 | 3 3 . . 5 Combat Bots Only 5 | . 3 . . 5 Max Kills in Single Turn 2 | 1 2 . . 2 Gunslinging . | . . . . . Exploded 2 | . 2 . . 2 Melee . | . . . . . Uniques/NPCs Destroyed . | . . . . . Combat | -11 -10 -10 -10 -9 -------- Run | Yrd Mat Min Exi Min Hostile Shots Fired 43 | . 15 . . 28 Missed 13 | . 8 . . 5 Damage Taken 617 | . 76 . . 541 Core 115 | . 31 . . 84 Absorbed by Shields . | . . . . . Core Remaining (%) 100 | 100 . . . . Volleys Fired 27 | 9 9 . . 9 Largest 2 | 2 2 . . 2 Hottest 80 | 40 40 . . 80 Shots Fired 45 | 18 13 . . 14 Gun 31 | 18 8 . . 5 Cannon 3 | . . . . 3 Launcher 11 | . 5 . . 6 Special . | . . . . . Kinetic 31 | 18 8 . . 5 Thermal 3 | . . . . 3 Explosive 11 | . 5 . . 6 Electromagnetic . | . . . . . Robot Hit Streak 5 | 3 5 . . 4 Robot Miss Streak 2 | 2 1 . . 1 Penetration Max . | . . . . . Secondary Targets . | . . . . . Shots Hit Robots 24 | 9 6 . . 9 Core Hits 39 | 3 10 . . 26 Critical Kills . | . . . . . Critical Parts Destroyed . | . . . . . Critical Strikes . | . . . . . Melee Attacks . | . . . . . Impact . | . . . . . Slashing . | . . . . . Piercing . | . . . . . Sneak Attacks . | . . . . . Combat Hostiles . | . . . . . Follow-up Attacks . | . . . . . Damage Inflicted 1137 | 114 306 . . 717 Guns 242 | 114 62 . . 66 Cannons 35 | . . . . 35 Explosions 860 | . 244 . . 616 Melee . | . . . . . Ramming . | . . . . . Kinetic 242 | 114 62 . . 66 Thermal 35 | . . . . 35 Explosive 860 | . 244 . . 616 Electromagnetic . | . . . . . Impact . | . . . . . Slashing . | . . . . . Piercing . | . . . . . Highest Corruption . | . . . . . Average Corruption . | . . . . . Corruption Purged . | . . . . . Corruption Blocked . | . . . . . Overload Shots . | . . . . . Overflow Damage 10 | . 7 . . 3 Projectiles . | . . . . . Explosions 10 | . 7 . . 3 Melee . | . . . . . Knockbacks . | . . . . . Impact . | . . . . . Kinetic . | . . . . . Secondary . | . . . . . Self-Inflicted Damage 105 | . 24 . . 81 Shots 4 | . 1 . . 3 Rammed . | . . . . . Targets Rammed . | . . . . . Kicked . | . . . . . Crushed . | . . . . . Highest Temperature 54 | . . . . 54 Average Temperature 23 | . . . . 23 Received Heat Transfer 52 | . . . . 52 Siege Activations . | . . . . . Robots Corrupted . | . . . . . Combat Hostiles . | . . . . . Parts Fried . | . . . . . Impact Corruptions . | . . . . . Robots Melted . | . . . . . Combat Hostiles . | . . . . . Parts Melted . | . . . . . Heat Transferred 74 | . . . . 74 Parts Sabotaged . | . . . . . Parts Stolen . | . . . . . Parts Stripped . | . . . . . Power Chain Reactions . | . . . . . Alert | -11 -10 -10 -10 -9 ------- Run | Yrd Mat Min Exi Min Peak Influence 160 | 15 160 . . 72 Initial 9 | . 9 . . . Average 39 | 4 52 . . 52 Maximum Alert Level . | . . . . . Low Security (%) 100 | 100 100 100 . 100 Level 1 . | . . . . . Level 2 . | . . . . . Level 3 . | . . . . . Level 4 . | . . . . . Level 5 . | . . . . . High Security . | . . . . . Max Security . | . . . . . Squads Dispatched . | . . . . . Investigation . | . . . . . Extermination . | . . . . . Reinforcement . | . . . . . Assault . | . . . . . Garrison . | . . . . . Intercept . | . . . . . Searches Triggered . | . . . . . Construction Impeded . | . . . . . Haulers Reinforced . | . . . . . Active Scanning Responses . | . . . . . Cargo Convoy Interrupts . | . . . . . Stealth | -11 -10 -10 -10 -9 --------- Run | Yrd Mat Min Exi Min Distress Signals . | . . . . . Communications Jammed . | . . . . . Distress Signals . | . . . . . Times Spotted 25 | . 9 . . 16 Peak Tracking Total 15 | . 3 . . 15 Tactical Retreats . | . . . . . Traps | -11 -10 -10 -10 -9 ------- Run | Yrd Mat Min Exi Min Traps Triggered . | . . . . . Indirectly . | . . . . . Trap Hack Attempts . | . . . . . Triggered . | . . . . . Disarmed . | . . . . . Reprogrammed . | . . . . . Reused . | . . . . . Traps Extracted . | . . . . . Installed . | . . . . . Triggered . | . . . . . Machines | -11 -10 -10 -10 -9 ---------- Run | Yrd Mat Min Exi Min Machines Disabled 2 | . 1 . . 1 Max in Single Turn 1 | . 1 . . 1 Machines Repaired . | . . . . . Machines Dismantled . | . . . . . Machines Sabotaged . | . . . . . Overloaded Fab Kills . | . . . . . Hacking | -11 -10 -10 -10 -9 --------- Run | Yrd Mat Min Exi Min Machines Accessed 7 | . 6 . 1 . Terminals 5 | . 5 . . . Fabricators . | . . . . . Repair Stations . | . . . . . Recycling Units 1 | . 1 . . . Scanalyzers . | . . . . . Garrison Access . | . . . . . Total Hacks 25 | . 24 . 1 . Successful 13 | . 12 . 1 . Failed 11 | . 11 . . . Catastrophic . | . . . . . Database Lockouts 1 | . 1 . . . Manual 17 | . 17 . . . Terminals 21 | . 21 . . . Fabricators . | . . . . . Repair Stations . | . . . . . Recycling Units 3 | . 3 . . . Scanalyzers . | . . . . . Garrison Access . | . . . . . Terminal Hacks 4 | . 3 . 1 . Record 1 | . . . 1 . Prototype ID Bank 1 | . 1 . . . Unreport Threat 2 | . 2 . . . Fabricator Hacks . | . . . . . Repair Station Hacks . | . . . . . Recycling Unit Hacks 1 | . 1 . . . Report Inventory 1 | . 1 . . . Scanalyzer . | . . . . . Garrison Access Hacks . | . . . . . Unauthorized Hacks 8 | . 8 . . . Terminals 6 | . 6 . . . Assimilate 1 | . 1 . . . Botnet 4 | . 4 . . . Operators 1 | . 1 . . . Fabricators . | . . . . . Repair Stations . | . . . . . Recycling Units 2 | . 2 . . . Monitor 1 | . 1 . . . Recyclers 1 | . 1 . . . Scanalyzers . | . . . . . Garrison Access . | . . . . . Data Cores Recovered . | . . . . . Used . | . . . . . Hacking Detections 6 | . 6 . . . Full Trace Events . | . . . . . Feedback Events . | . . . . . Feedback Blocked . | . . . . . Robot Schematics Acquired . | . . . . . Robots Built . | . . . . . Authchips . | . . . . . Time . | . . . . . Total Robot Build Rating . | . . . . . Part Schematics Acquired . | . . . . . Parts Built . | . . . . . Authchips . | . . . . . Time . | . . . . . Total Part Build Rating . | . . . . . Parts Repaired . | . . . . . Time . | . . . . . Parts Recycled . | . . . . . Recycled Matter . | . . . . . Retrieved Matter . | . . . . . Retrieved Components . | . . . . . Parts Scanalyzed . | . . . . . Part Schematics Acquired . | . . . . . Parts Damaged . | . . . . . Bothacking | -11 -10 -10 -10 -9 ------------ Run | Yrd Mat Min Exi Min Used RIF Installer . | . . . . . Robots Hacked . | . . . . . Non-combat . | . . . . . Combat . | . . . . . Robot Hacks Applied . | . . . . . Relay Couplers Released . | . . . . . Fabnet Peak Effective % . | . . . . . Robots Rewired . | . . . . . Allies Hacked . | . . . . . Hacks Repelled . | . . . . . Allies | -11 -10 -10 -10 -9 -------- Run | Yrd Mat Min Exi Min Total Allies 3 | . 1 2 . . Largest Group 3 | . 1 3 3 . Highest-Rated Group 56 | . 10 56 56 . Highest-Rated Ally 31 | . 10 31 31 . Total Orders . | . . . . . Ally Attacks . | . . . . . Total Damage . | . . . . . Kills . | . . . . . Allies Corrupted . | . . . . . Allies Melted . | . . . . . Intel | -11 -10 -10 -10 -9 ------- Run | Yrd Mat Min Exi Min Robot Analysis Total . | . . . . . Derelict Logs Recovered 1 | . . 1 . . Drone Launches . | . . . . . Drone Recoveries . | . . . . . Exploration | -11 -10 -10 -10 -9 ------------- Run | Yrd Mat Min Exi Min Turns Passed 1336 | 146 634 115 356 85 Spaces Moved 757 | 67 362 71 222 35 Core 2 | 2 . . . . Treads 755 | 65 362 71 222 35 Legs . | . . . . . Wheels . | . . . . . Hover . | . . . . . Flight . | . . . . . Fastest Speed 50 | 50 160 160 160 160 Average Speed 159 | 156 160 160 160 160 Slowest Speed 160 | 160 160 160 160 160 Overloaded Moves . | . . . . . Propulsion Burnouts . | . . . . . Robots Hopped . | . . . . . Cave-ins Triggered . | . . . . . Exploration Rate (%) 36 | 6 66 31 63 15 Regions Visited 4 Branch Regions 3 Pre-discovered Areas 1 | . . . 1 . Known Exits Taken . | . . . . . Unknown Exits Taken 4 | 1 1 1 1 . Scrap Searched 1 | . . . . 1 Spaces Dug 4 | . 4 . . . Terrain Destroyed 74 | . 33 . . 41 Melee . | . . . . . Projectile . | . . . . . AOE 74 | . 33 . . 41 Terrain Rammed . | . . . . . Walls Destroyed . | . . . . . Machines Disabled . | . . . . . Actions | -11 -10 -10 -10 -9 --------- Run | Yrd Mat Min Exi Min Total 837 | 88 405 73 223 48 Wait 27 | 2 22 3 . . Move 753 | 66 361 70 221 35 Hop . | . . . . . Pick Up 10 | 2 8 . . . Fast Attach 8 | 8 . . . . Attach 1 | . . . . 1 Detach . | . . . . . Swap 6 | . 2 . 1 3 Drop 5 | 1 3 . 1 . Fire 27 | 9 9 . . 9 Melee . | . . . . . Ram . | . . . . . Kick . | . . . . . Crush . | . . . . . Escape Stasis . | . . . . . Rewire . | . . . . . Trap . | . . . . . Miscellaneous . | . . . . . Route ------- -11/Scrapyard -10/Materials (discovered 3 exits: [*Mat x2] / [*Min]) -10/Mines -10/Exiles -9/Mines History --------- Turn | Location | Event 14 | -11/Scrapyard | Discovered new exit (range 16) 147 | -11/Scrapyard | Entered Materials 309 | -10/Materials | Build established: Mutant 406 | -10/Materials | Discovered new exit (range 4) 645 | -10/Materials | Discovered new exit (range 15) 656 | -10/Materials | Central database locked down 757 | -10/Materials | Discovered new exit (range 15) 781 | -10/Materials | Entered Mines 781 | -10/Mines | Accompanied by 1 ally 881 | -10/Mines | Learned location of 1 exit from Materials 885 | -10/Mines | Deemed a non-threat by the Exiles lab entrance 887 | -10/Mines | Discovered new exit (range 5) 896 | -10/Mines | Entered Exiles 896 | -10/Exiles | Accompanied by 3 allies 926 | -10/Exiles | Led the pair of lost Derelicts to a safe place 933 | -10/Exiles | Met 8R-AWN 960 | -10/Exiles | Met EX-HEX 1074 | -10/Exiles | Met EX-DEC 1110 | -10/Exiles | Met EX-BIN 1164 | -10/Exiles | Learned location of Zion (-6) 1233 | -10/Exiles | Discovered new exit (range 14) 1252 | -10/Exiles | Entered Mines 1252 | -9/Mines | Accompanied by 1 ally 1318 | -9/Mines | Assembled infested the area 1337 | -9/Mines | Self-destructed Last Messages --------------- 01255_ Destroyed Seismic Detector. 01255_ G-34 Mercenary destroyed. 01266_ L-31 Rogue destroyed. 01269_ Acquired 28 matter. 01272_ Acquired 12 matter. 01307_ Searching scrap... 01307_ Found Lrg. Battery. 01307_ Found 16 Matter. 01318_ ALERT: Infestation in the mines, dispatching Demolisher response squad. 01327_ Grenade Launcher destroyed. 01328_ Core Extractor disabled. 01328_ as-12585 destroyed. 01328_ as-16917 destroyed. 01330_ Ion Engine destroyed. 01332_ The unstable cave ceiling collapses. 01332_ as-24362 destroyed. 01334_ as-00378 destroyed. 01334_ as-56868 destroyed. 01334_ Grenade Launcher destroyed. Map ----- +----------------------------------------------------+ | | | ?????????????????????????????????????????????????? | | ?????????????????????????????????????????????????? | | ??????????????????????????####???????????????????? | | ?????????########????????? ##??? ??????????????? | | ????????## # #???????? ## ?????????????? | | ????????# ##???????# ??????????????? | | ????????# =%= #?????## ??????????????????? | | ???????## [ = #???## #?????????????????????? | | ??????## ##### #??????????????????????? | | ??????# * ##??????????????????????? | | ??????# ##???????????????????????? | | ??????## ######### ##????????????????????????? | | ???????###???????## #?????????????????????????? | | ???????????????### ##?????????????????????????? | | ???????????##### #??????????????????????????? | | ???????????# ##?????????????????????????? | | ???????????# ## #?????????????????????????? | | ??????????????## #?????????????????????????? | | ??????????????## #?????????????????????????? | | ?????????????## % ##?????????????????????????? | | ?????????????# !##??????????????????????????? | | ?????????????# #######?????????????????????? | | ?????????????## ##????????????????????? | | ??????????????### #????????????????????? | | ????????????????## # @ #????????????????????? | | ?????????????????# # aaa #????????????????????? | | ?????????????????## # a #????????????????????? | | ??????????????????## ???????????????????? | | ???????????????????# a ??????????????????? | | ???????????????????# a #?????????????????? | | ???????????????????### #?????????????????? | | ?????????????????????## a"a #?????????????????? | | ??????????????????????## ##?????????????????? | | ??????????????????????? #??????????????????? | | ???????????????????????# ###??????????????????? | | ???????????????????????# ##????????????????????? | | ???????????????????????## ##?????????????????????? | | ????????????????????????? ???????????????????????? | | ?????????????????????????????????????????????????? | | ?????????????????????????????????????????????????? | | ?????????????????????????????????????????????????? | | ?????????????????????????????????????????????????? | | ?????????????????????????????????????????????????? | | ?????????????????????????????????????????????????? | | ?????????????????????????????????????????????????? | | ?????????????????????????????????????????????????? | | ?????????????????????????????????????????????????? | | ?????????????????????????????????????????????????? | | ?????????????????????????????????????????????????? | +----------------------------------------------------+ Best States ------------- Heat Dissipation 25 Energy Generation 10 Energy Capacity 250 Matter Stores 300 Matter Capacity 300 Sight Range 16 Terrain Scan Range 16 Terrain Scan Density 10 Evasion (%) 40 Recoil Reduction 2 Item Schematics ----------------- None Robot Schematics ------------------ None Fabricated ------------ Nothing Alien Tech Used ----------------- None Achievements -------------- None Challenges ------------ None Game ------ Seed MappingSingularityCoupler Manual? 0 Play Time 00:09:09 Cumulative 207.9 hours Start 2024.05.22 @ 11:56:24 End 2024.05.22 @ 12:08:03 Sessions 1 Manual Loads 0 Difficulty Rogue Special Mode None Game No. 198 Rogue 193 Adventurer 5 Explorer 0 Win Type - Total 3 Types 2/0/0/1/0/0/0/0/0 Lore% 57 Gallery% 78 Achievement% 56 Wizard Run 0 Options --------- Layout 2 ASCII 0 Keyboard 0 Movement Arrows Keybinds 0 Fullscreen 1 Font 24/Terminus Map View 50x44 Zoom Use 0% Tactical HUD 1 Map Filters NONE Filters NONE Steam 1 RUN: ffeb00aa-16a4-40b7-955f-8d331d110dff